General information
- name: BNet
- type: Ladder team game (AT/RT)
- host: Battle.net
- saver: buh-bye.
map: FullScaleAssault
- players: 8
- length: 60:29
- speed: Fast
- version: 1.26 W3XP
- replay type: Public
» download(244 KB)
Players
team 1 (winner)
tadatdatdatdow (
pink | 32 APM | 1959 actions | 60:29)
1 Mountain King
1 Storm Bolt
9 Blademaster
3 Wind Walk
3 Critical Strike
1 Bladestorm
2 Mirror Image
» actions
| Basic commands | 1 | |
| Build / train | 124 | |
| Enter build submenu | 68 | |
| Enter hero's abilities submenu | 10 | |
| Give item / drop item | 6 | |
| Right click | 1125 | |
| Select / deselect | 488 | |
| Use ability | 137 | |
1959 total
» units
| Peon | 15 | |
| Peasant | 12 | |
| Footman | 1 | |
| Grunt | 5 | |
| Rifleman | 16 | |
| Troll Headhunter/Berserker | 3 | |
| Goblin Shredder | 1 | |
| Wind Rider | 14 | |
| Gryphon Rider | 5 | |
| Shaman | 8 | |
| Siege Engine | 2 | |
82 total
» upgrades
| Masonry | 1 | |
| Long Rifles | 1 | |
| Swords | 1 | |
| Armor | 1 | |
| Reinforced Defenses | 1 | |
| Storm Hammers | 1 | |
| Lumber Harvesting | 1 | |
| Shaman Training | 2 | |
| Berserker Upgrade | 1 | |
| Barrage | 1 | |
11 total
» buildings
| Farm | 14 | |
| Altar of Kings | 1 | |
| Orc Burrow | 9 | |
| Altar of Storms | 1 | |
| Barracks | 2 | |
| Blacksmith | 1 | |
| War Mill | 1 | |
| Lumber Mill | 1 | |
| Voodoo Lounge | 2 | |
| Scout Tower | 3 | |
| Watch Tower | 11 | |
| Guard Tower | 1 | |
| Stronghold | 2 | |
| Great Hall | 6 | |
| Keep | 1 | |
| Arcane Tower | 1 | |
| Beastiary | 2 | |
| Fortress | 1 | |
| Castle | 1 | |
| Gryphon Aviary | 3 | |
| Spirit Lodge | 1 | |
| Workshop | 2 | |
| Arcane Vault | 1 | |
| Town Hall | 3 | |
71 total
» build order
00:15 Farm
00:49 Altar of Kings
00:54 Orc Burrow
00:57 Altar of Storms
01:05 Barracks
01:20 Barracks
01:28 Farm
01:40 Orc Burrow
01:58 Blacksmith
02:10 War Mill
02:20 Farm
02:27 Lumber Mill
02:41 Orc Burrow
02:48 Voodoo Lounge
02:58 Farm
03:26 Scout Tower
03:39 Scout Tower
03:46 Watch Tower
04:07 Guard Tower
04:16 Scout Tower
04:48 Farm
05:32 Stronghold
05:37 Great Hall
05:42 Farm
05:44 Keep
05:46 Arcane Tower
05:57 Farm
06:17 Watch Tower
07:36 Farm
08:58 Great Hall
09:20 Great Hall
09:59 Beastiary
10:01 Beastiary
10:03 Fortress
10:09 Watch Tower
10:14 Watch Tower
12:26 Castle
12:30 Gryphon Aviary
12:32 Gryphon Aviary
12:38 Gryphon Aviary
12:49 Farm
12:52 Farm
13:22 Orc Burrow
13:25 Orc Burrow
13:27 Orc Burrow
14:22 Spirit Lodge
14:34 Watch Tower
15:06 Orc Burrow
15:58 Watch Tower
16:04 Watch Tower
17:24 Watch Tower
24:47 Orc Burrow
25:58 Orc Burrow
27:35 Great Hall
28:49 Farm
28:51 Farm
28:53 Farm
28:55 Farm
29:01 Great Hall
29:10 Watch Tower
29:13 Watch Tower
29:15 Watch Tower
35:45 Voodoo Lounge
36:53 Stronghold
39:17 Great Hall
40:29 Workshop
40:40 Workshop
42:05 Arcane Vault
43:59 Town Hall
56:29 Town Hall
57:53 Town Hall
» items
| Healing Salve | 3 | |
| Scroll of Town Portal | 5 | |
| Potion of Healing | 1 | |
| Orb of Lightning | 1 | |
| Scroll of Speed | 1 | |
| Boots of Speed | 1 | |
12 total
TacticNerve (
teal | 19 APM | 1038 actions | 53:38)
6 Archmage
3 Summon Water Elemental
2 Blizzard
1 Mass Teleport
1 Mountain King
1 Thunder Clap
» actions
| Basic commands | 1 | |
| Build / train | 111 | |
| Enter build submenu | 33 | |
| Enter hero's abilities submenu | 7 | |
| Right click | 407 | |
| Select / deselect | 406 | |
| Use ability | 73 | |
1038 total
» units
| Peasant | 8 | |
| Rifleman | 24 | |
| Mortar Team | 28 | |
| Gryphon Rider | 19 | |
79 total
» upgrades
| Gunpowder | 2 | |
| Armor | 3 | |
| Masonry | 3 | |
| Lumber Harvesting | 1 | |
| Long Rifles | 1 | |
| Fragmentation Shards | 1 | |
11 total
» buildings
| Altar of Kings | 1 | |
| Farm | 8 | |
| Barracks | 1 | |
| Blacksmith | 1 | |
| Scout Tower | 8 | |
| Lumber Mill | 1 | |
| Guard Tower | 7 | |
| Keep | 1 | |
| Workshop | 3 | |
| Town Hall | 6 | |
| Castle | 1 | |
| Cannon Tower | 1 | |
39 total
» build order
00:11 Altar of Kings
00:16 Farm
01:04 Barracks
01:31 Blacksmith
02:08 Farm
02:17 Farm
02:51 Scout Tower
02:58 Lumber Mill
03:09 Farm
03:33 Scout Tower
04:10 Guard Tower
04:21 Guard Tower
04:28 Farm
07:10 Keep
07:27 Farm
08:06 Scout Tower
08:22 Scout Tower
08:26 Guard Tower
08:36 Scout Tower
08:48 Guard Tower
08:57 Farm
09:30 Guard Tower
09:41 Workshop
10:26 Town Hall
11:46 Workshop
13:48 Castle
23:54 Farm
33:19 Scout Tower
33:47 Cannon Tower
33:50 Scout Tower
34:17 Guard Tower
36:58 Town Hall
37:34 Town Hall
39:06 Scout Tower
39:46 Guard Tower
40:23 Town Hall
43:12 Workshop
45:39 Town Hall
52:25 Town Hall
» items
| Periapt of Vitality | 2 | |
| Scroll of Town Portal | 1 | |
3 total

»
DJohns989 (
purple | 29 APM | 987 actions | 33:27)
5 Mountain King
1 Storm Bolt
1 Thunder Clap
3 Bash
» actions
| Build / train | 101 | |
| Enter build submenu | 35 | |
| Enter hero's abilities submenu | 5 | |
| Give item / drop item | 1 | |
| Right click | 377 | |
| Select / deselect | 389 | |
| Use ability | 79 | |
987 total
» units
| Peasant | 13 | |
| Footman | 10 | |
| Knight | 42 | |
65 total
» upgrades
| Swords | 3 | |
| Plating | 3 | |
| Animal War Training | 1 | |
7 total
» buildings
| Altar of Kings | 1 | |
| Farm | 15 | |
| Barracks | 2 | |
| Scout Tower | 8 | |
| Arcane Tower | 4 | |
| Lumber Mill | 1 | |
| Guard Tower | 3 | |
| Blacksmith | 1 | |
| Keep | 1 | |
| Castle | 1 | |
| Arcane Vault | 1 | |
| Town Hall | 2 | |
40 total
» build order
00:14 Altar of Kings
00:18 Farm
00:57 Barracks
01:03 Farm
01:41 Scout Tower
02:06 Scout Tower
02:11 Scout Tower
02:24 Scout Tower
02:50 Arcane Tower
03:01 Arcane Tower
03:13 Arcane Tower
03:18 Lumber Mill
03:26 Arcane Tower
03:54 Farm
04:04 Farm
04:22 Scout Tower
04:34 Farm
04:42 Scout Tower
04:47 Farm
05:13 Guard Tower
05:23 Farm
05:54 Blacksmith
06:28 Farm
06:32 Keep
07:15 Farm
08:08 Scout Tower
09:26 Farm
09:59 Barracks
10:03 Castle
10:07 Farm
10:08 Guard Tower
10:24 Arcane Vault
10:49 Farm
11:28 Farm
12:19 Farm
13:00 Farm
13:41 Scout Tower
14:43 Town Hall
15:02 Guard Tower
27:28 Town Hall
» items
| Scroll of Town Portal | 3 | |
| Scroll of Regeneration | 5 | |
| Potion of Healing | 3 | |
| Healing Salve | 1 | |
| Orb of Fire | 1 | |
| Potion of Mana | 1 | |
14 total
team 2 (loser)
Rodsum41 (
green | 31 APM | 1126 actions | 36:41)
9 Paladin
3 Holy Light
3 Devotion Aura
2 Divine Shield
1 Resurrection
» actions
| Basic commands | 3 | |
| Build / train | 114 | |
| Enter build submenu | 30 | |
| Enter hero's abilities submenu | 9 | |
| Give item / drop item | 3 | |
| Right click | 452 | |
| Select / deselect | 437 | |
| Use ability | 78 | |
1126 total
» units
| Peasant | 19 | |
| Footman | 6 | |
| Rifleman | 8 | |
| Mortar Team | 4 | |
| Priest | 7 | |
| Dragonhawk Rider | 4 | |
| Spell Breaker | 4 | |
| Sorceress | 4 | |
| Siege Engine | 7 | |
| Knight | 6 | |
| Gryphon Rider | 8 | |
| Goblin Zeppelin | 2 | |
79 total
» upgrades
| Defend | 1 | |
| Plating | 3 | |
| Swords | 2 | |
| Masonry | 2 | |
| Gunpowder | 2 | |
| Lumber Harvesting | 2 | |
| Armor | 2 | |
| Long Rifles | 1 | |
| Barrage | 1 | |
| Priest Training | 2 | |
| Cloud | 1 | |
19 total
» buildings
| Altar of Kings | 1 | |
| Farm | 13 | |
| Lumber Mill | 1 | |
| Barracks | 1 | |
| Scout Tower | 2 | |
| Arcane Vault | 2 | |
| Guard Tower | 2 | |
| Blacksmith | 1 | |
| Keep | 1 | |
| Town Hall | 3 | |
| Arcane Sanctum | 1 | |
| Workshop | 3 | |
| Gryphon Aviary | 1 | |
| Castle | 1 | |
33 total
» build order
00:10 Altar of Kings
00:14 Farm
00:34 Lumber Mill
00:57 Barracks
01:20 Farm
01:39 Scout Tower
01:52 Arcane Vault
02:03 Farm
02:32 Guard Tower
02:57 Blacksmith
03:30 Farm
04:34 Keep
04:47 Farm
05:49 Farm
06:38 Scout Tower
07:15 Guard Tower
07:54 Town Hall
08:15 Arcane Sanctum
08:19 Workshop
09:27 Gryphon Aviary
09:39 Farm
13:23 Castle
13:30 Farm
14:08 Farm
14:57 Farm
18:34 Farm
22:37 Farm
22:48 Farm
26:18 Town Hall
27:24 Arcane Vault
34:15 Town Hall
36:24 Workshop
36:29 Workshop
» items
buh-bye. (
orange | 65 APM | 3906 actions | 60:29)
10 Goblin Alchemist
3 Chemical Rage
3 Healing Spray
1 Transmute
3 Acid Bomb
1 Tauren Chieftain
1 Shockwave
2 Shadow Hunter
1 Hex
1 Healing Wave
» actions
| Assign group hotkey | 41 | |
| Basic commands | 129 | |
| Build / train | 126 | |
| Enter build submenu | 63 | |
| Enter hero's abilities submenu | 17 | |
| Give item / drop item | 6 | |
| Remove unit from queue | 4 | |
| Right click | 1457 | |
| Select / deselect | 387 | |
| Select group hotkey | 1327 | |
| Use ability | 349 | |
3906 total
» units
| Peon | 31 | |
| Goblin Shredder | 3 | |
| Wind Rider | 9 | |
| Goblin Zeppelin | 1 | |
| Troll Batrider | 6 | |
| Flying Machine | 5 | |
| Raider | 5 | |
| Shaman | 1 | |
61 total
» upgrades
| Ranged Weapons | 3 | |
| Armor | 3 | |
| Reinforced Defenses | 1 | |
| Envenomed Spears | 1 | |
| Melee Weapons | 2 | |
| Ensnare | 2 | |
| Liquid Fire | 1 | |
13 total
» buildings
| Orc Burrow | 12 | |
| Stronghold | 4 | |
| Altar of Storms | 2 | |
| War Mill | 1 | |
| Voodoo Lounge | 2 | |
| Beastiary | 6 | |
| Great Hall | 7 | |
| Watch Tower | 124 | |
| Fortress | 1 | |
| Altar of Kings | 1 | |
| Farm | 3 | |
163 total
» build order
00:49 Orc Burrow
01:20 Stronghold
01:48 Altar of Storms
02:20 Orc Burrow
03:15 War Mill
03:22 Voodoo Lounge
04:42 Beastiary
05:23 Beastiary
05:40 Orc Burrow
06:23 Orc Burrow
08:19 Great Hall
08:44 Watch Tower
08:44 Watch Tower
08:44 Watch Tower
08:45 Watch Tower
08:48 Watch Tower
09:28 Watch Tower
09:57 Watch Tower
10:24 Watch Tower
10:25 Watch Tower
11:24 Fortress
11:36 Orc Burrow
11:47 Watch Tower
11:48 Watch Tower
11:48 Watch Tower
11:49 Watch Tower
11:49 Watch Tower
12:11 Voodoo Lounge
14:01 Watch Tower
14:02 Watch Tower
14:02 Watch Tower
15:23 Watch Tower
15:23 Watch Tower
15:24 Watch Tower
15:24 Watch Tower
15:25 Watch Tower
15:42 Great Hall
16:26 Beastiary
16:26 Beastiary
16:26 Beastiary
17:25 Watch Tower
17:25 Watch Tower
17:48 Watch Tower
17:48 Watch Tower
17:49 Watch Tower
18:13 Watch Tower
18:13 Watch Tower
18:13 Watch Tower
18:14 Watch Tower
18:14 Watch Tower
18:15 Watch Tower
18:39 Watch Tower
18:40 Watch Tower
18:40 Watch Tower
18:41 Watch Tower
19:22 Watch Tower
19:22 Watch Tower
19:23 Watch Tower
19:24 Watch Tower
19:24 Watch Tower
19:24 Watch Tower
19:25 Watch Tower
19:31 Watch Tower
19:32 Watch Tower
20:28 Watch Tower
20:28 Watch Tower
20:29 Watch Tower
20:29 Watch Tower
20:29 Watch Tower
20:30 Watch Tower
20:31 Watch Tower
20:31 Watch Tower
20:32 Watch Tower
20:32 Watch Tower
20:33 Watch Tower
20:39 Watch Tower
20:40 Watch Tower
20:40 Watch Tower
21:44 Watch Tower
21:44 Watch Tower
21:45 Watch Tower
21:56 Watch Tower
22:01 Watch Tower
22:01 Watch Tower
22:55 Watch Tower
22:56 Watch Tower
23:12 Watch Tower
23:12 Watch Tower
23:12 Watch Tower
23:54 Watch Tower
23:55 Watch Tower
23:55 Watch Tower
23:56 Watch Tower
23:56 Watch Tower
24:05 Watch Tower
24:06 Watch Tower
24:19 Watch Tower
24:19 Watch Tower
26:21 Watch Tower
26:22 Watch Tower
26:22 Watch Tower
26:22 Watch Tower
26:38 Orc Burrow
26:52 Great Hall
26:58 Watch Tower
26:58 Watch Tower
26:59 Watch Tower
26:59 Watch Tower
28:04 Watch Tower
28:05 Watch Tower
28:05 Watch Tower
28:38 Watch Tower
28:39 Watch Tower
28:39 Watch Tower
28:39 Watch Tower
28:41 Watch Tower
28:42 Watch Tower
28:42 Watch Tower
28:54 Watch Tower
28:54 Watch Tower
29:54 Great Hall
29:56 Watch Tower
29:57 Watch Tower
29:57 Watch Tower
29:58 Watch Tower
29:58 Watch Tower
29:58 Watch Tower
30:00 Watch Tower
30:01 Watch Tower
30:02 Watch Tower
30:02 Watch Tower
31:41 Great Hall
31:43 Watch Tower
31:43 Watch Tower
31:43 Watch Tower
31:52 Watch Tower
32:20 Watch Tower
32:20 Watch Tower
40:23 Altar of Kings
40:25 Farm
40:25 Farm
40:25 Farm
42:09 Stronghold
42:45 Orc Burrow
42:45 Orc Burrow
42:46 Orc Burrow
44:01 Stronghold
46:48 Altar of Storms
47:17 Great Hall
49:11 Great Hall
49:33 Watch Tower
49:34 Watch Tower
49:34 Watch Tower
49:42 Watch Tower
49:42 Watch Tower
49:49 Stronghold
53:59 Beastiary
54:01 Orc Burrow
54:01 Orc Burrow
» items
| Healing Salve | 2 | |
| Potion of Healing | 2 | |
| Staff of Teleportation | 1 | |
| Scroll of Regeneration | 1 | |
| Potion of Lesser Invulnerability | 4 | |
| Scroll of Town Portal | 7 | |
| Potion of Invisibility | 1 | |
| Orb of Lightning | 1 | |
| Tiny Great Hall | 1 | |
| Scroll of Healing | 5 | |
| Dust of Appearance | 2 | |
27 total
C.e.LL.o. (
blue | 37 APM | 1401 actions | 37:36)
9 Blademaster
3 Mirror Image
3 Wind Walk
1 Bladestorm
2 Critical Strike
8 Tauren Chieftain
3 War Stomp
3 Endurance Aura
1 Reincarnation
1 Shockwave
» actions
| Basic commands | 30 | |
| Build / train | 122 | |
| Enter build submenu | 35 | |
| Enter hero's abilities submenu | 17 | |
| Give item / drop item | 1 | |
| Remove unit from queue | 3 | |
| Right click | 451 | |
| Select / deselect | 616 | |
| Use ability | 126 | |
1401 total
» units
| Peon | 19 | |
| Grunt | 2 | |
| Troll Headhunter/Berserker | 3 | |
| Wind Rider | 5 | |
| Troll Batrider | 13 | |
| Shaman | 7 | |
| Troll Witch Doctor | 8 | |
| Tauren | 5 | |
| Goblin Zeppelin | 2 | |
64 total
» upgrades
| Armor | 3 | |
| Ranged Weapons | 3 | |
| Shaman Training | 2 | |
| Witch Doctor Training | 2 | |
| Melee Weapons | 3 | |
| Pulverize | 1 | |
| Liquid Fire | 1 | |
| Reinforced Defenses | 1 | |
16 total
» buildings
| Orc Burrow | 8 | |
| Altar of Storms | 1 | |
| Barracks | 1 | |
| War Mill | 1 | |
| Voodoo Lounge | 1 | |
| Stronghold | 1 | |
| Great Hall | 3 | |
| Watch Tower | 13 | |
| Fortress | 1 | |
| Spirit Lodge | 2 | |
| Beastiary | 2 | |
| Tauren Totem | 2 | |
36 total
» build order
00:39 Orc Burrow
00:44 Orc Burrow
00:51 Altar of Storms
01:10 Barracks
01:47 Orc Burrow
01:53 Orc Burrow
02:02 War Mill
02:32 Orc Burrow
02:59 Voodoo Lounge
05:44 Stronghold
05:57 Great Hall
06:24 Watch Tower
06:28 Watch Tower
07:11 Watch Tower
07:19 Watch Tower
08:05 Fortress
08:09 Spirit Lodge
08:12 Spirit Lodge
08:17 Beastiary
08:20 Beastiary
10:06 Orc Burrow
10:09 Orc Burrow
10:31 Tauren Totem
10:34 Tauren Totem
11:26 Orc Burrow
20:36 Watch Tower
20:38 Watch Tower
20:41 Watch Tower
20:45 Watch Tower
30:09 Great Hall
30:13 Watch Tower
30:15 Watch Tower
30:31 Watch Tower
30:34 Watch Tower
30:39 Watch Tower
33:54 Great Hall
» items
| Healing Salve | 2 | |
| Scroll of Town Portal | 14 | |
| Orb of Lightning | 2 | |
18 total
sapote18 (
yellow | 23 APM | 557 actions | 24:09)
2 Goblin Tinker
1 Pocket Factory
1 Engineering Upgrade
1 Pit Lord
1 Rain of Fire
» actions
| Basic commands | 2 | |
| Build / train | 27 | |
| Enter build submenu | 16 | |
| Enter hero's abilities submenu | 3 | |
| Right click | 271 | |
| Select / deselect | 207 | |
| Use ability | 27 | |
557 total
» units
» upgrades
» buildings
| Altar of Kings | 1 | |
| Farm | 5 | |
| Barracks | 2 | |
| Blacksmith | 1 | |
| Keep | 1 | |
| Arcane Vault | 1 | |
| Town Hall | 1 | |
| Scout Tower | 2 | |
| Castle | 1 | |
15 total
» build order
00:27 Altar of Kings
00:31 Farm
01:57 Barracks
02:29 Farm
02:36 Farm
03:27 Barracks
03:31 Blacksmith
05:35 Keep
05:39 Arcane Vault
06:10 Farm
06:58 Farm
07:37 Town Hall
08:51 Scout Tower
08:55 Scout Tower
10:30 Castle
» items
| Healing Salve | 1 | |
| Lesser Clarity Potion | 1 | |
| Potion of Mana | 2 | |
| Potion of Healing | 2 | |
| Orb of Lightning | 1 | |
7 total
Chat log
(05:01 / Allies) buh-bye.: may i get pendant
(07:35 / Allies) buh-bye.: gpd
(09:09 / Allies) Rodsum41: tp
(10:41 / Allies) buh-bye.: yellow took my item
(10:46 / Allies) buh-bye.: if he doesnt give it back
(10:47 / Allies) buh-bye.: he dies
(12:23 / Allies) C.e.LL.o.: wood
(16:33 / Allies) Rodsum41: plz
(17:20 / Allies) Rodsum41: thx
(17:43 / Allies) Rodsum41: counter?
(17:59 / Allies) buh-bye.: llet me tower other choke point
(18:59 / Allies) buh-bye.: fuckign green
(19:04 / Allies) buh-bye.: heal me
(19:11 / Allies) buh-bye.: god green
(19:12 / Allies) buh-bye.: ur an idiot
(19:39 / Allies) sapote18: oro
(19:42 / Allies) sapote18: drop
(19:47 / Allies) sapote18: 200
(19:53 / Allies) sapote18: y madera
(20:41 / Allies) sapote18: 200 drop
(20:45 / Allies) sapote18: plis
(20:55 / Allies) Rodsum41: pero que?
(20:59 / Allies) Rodsum41: oro o madera?
(21:03 / Allies) sapote18: oro
(21:14 / Allies) sapote18: gracias
(21:27 / Allies) sapote18: el soonso del naranja me destruyo la base
(21:33 / Allies) Rodsum41: pobre pendejo
(21:35 / Allies) Rodsum41: dejalo
(21:44 / Allies) Rodsum41: apurale
(22:49 / Allies) sapote18: bue me mataste
(22:56 / Allies) sapote18: naranja culiado
(33:24 / All) DJohns989: gg
(33:37 / All) Rodsum41: gg
(35:19 / All) buh-bye.: teal and pink u here
(35:39 / All) tadatdatdatdow: um yeah
(35:46 / All) buh-bye.: im killing my team
(35:48 / All) buh-bye.: im on ur side now
(35:58 / All) tadatdatdatdow: heh i'll believe it when i see it
(36:37 / All) buh-bye.: be patient
(36:39 / All) buh-bye.: scout
(36:41 / All) buh-bye.: im killing their shit
(36:44 / All) buh-bye.: see
(37:48 / All) tadatdatdatdow: dude u for real
(47:09 / All) buh-bye.: can u homo's leave plz
(53:42 / All) buh-bye.: out
(57:00 / All) tadatdatdatdow: got to have at least one member over there completely dead...:) I feel better!!!
(57:16 / All) buh-bye.: wait
(57:18 / All) buh-bye.: let me stats u
(58:01 / All) buh-bye.: show ur bm
(58:40 / All) buh-bye.: do u want the win
(58:49 / All) tadatdatdatdow: how?
(58:55 / All) buh-bye.: i can leave
(59:00 / All) tadatdatdatdow: u have control of everything
(59:01 / All) buh-bye.: im on a nedw account i dont care if i win
(59:11 / All) tadatdatdatdow: ah well yeah.. sure if you give it
(59:17 / All) tadatdatdatdow: one for the books!
(59:23 / All) buh-bye.: it was
(59:32 / All) buh-bye.: do u want to screw aorund more or are u getting bored
(59:33 / All) tadatdatdatdow: or self destruct towers.. lol
(59:41 / All) tadatdatdatdow: def bored
(59:51 / All) buh-bye.: ok aclhemst vs bm battle then i leave
(59:59 / All) tadatdatdatdow: sure why not
(60:03 / All) tadatdatdatdow: it